 Dungeon Crawl Stone Soup version 0.19.1 (webtiles) character file.

5158 DarthKuruptios2 the Shield-Bearer (level 10, -15/67 HPs)
             Began as a Gargoyle Fighter on Dec 9, 2016.
             Was an Elder of Okawaru.
             Killed from afar by a gargoyle (21 damage)
             ... with a stone arrow
             ... on level 9 of the Dungeon.
             The game lasted 00:37:03 (9398 turns).

DarthKuruptios2 the Shield-Bearer (GrFi)            Turns: 9398, Time: 00:37:03

Health: -15/67     AC: 23    Str: 20    XL:     10   Next: 59%
Magic:  14/14      EV:  8    Int:  9    God:    Okawaru [****..]
Gold:   525        SH:  0    Dex: 12    Spells: 0 memorised, 9 levels left

rFire  . . .     SeeInvis +     a - +1 flail
rCold  + . .     Gourm    .     y - +1 plate armour {rN+}
rNeg   + + .     Faith    .     (no shield)
rPois  ∞         Spirit   .     v - +2 hat
rElec  +         Reflect  .     (no cloak)
rCorr  .         Harm     .     (no gloves)
MR     .....     Clarity  +     (no boots)
Stlth  .......... Rnd*Tele +    (no amulet)
                                l - ring of see invisible
                                s - ring of protection from cold

@: no status effects
A: clarity, negative energy resistance 1, robust 1, screaming 1, electricity
resistance, teleportitis 1, unbreathing, petrification resistance, rot immunity,
AC +7
a: Heroism, Renounce Religion


You were on level 9 of the Dungeon.
You worshipped Okawaru.
Okawaru was greatly pleased with you.
You were not hungry.

You visited 1 branch of the dungeon, and saw 9 of its levels.

You collected 525 gold pieces.

Inventory:

Hand Weapons
 a - a +1 flail (weapon)
 G - a +0 shortbow
Missiles
 w - 56 bolts
 H - 5 arrows
Armour
 b - a +0 scale mail
 v - a +2 hat (worn)
 y - a +1 plate armour of positive energy (worn)
Jewellery
 i - an uncursed amulet of faith
 l - a ring of see invisible (right hand)
 o - an uncursed ring of fire
 s - a ring of protection from cold (left hand)
Wands
 x - a wand of paralysis (10/24)
 F - a wand of digging (9/24)
Scrolls
 c - a scroll of amnesia
 e - 2 scrolls of enchant weapon
 g - 2 scrolls of fog
 j - 5 scrolls of remove curse
 n - 2 scrolls of enchant armour
 q - 5 scrolls of identify
Potions
 h - 3 potions of flight
Comestibles
 f - 7 bread rations
 k - 18 chunks of flesh
 m - 5 meat rations
 p - 2 beef jerkies
 r - 2 slices of pizza
 t - a fruit


   Skills:
 + Level 6.7 Fighting
 - Level 7.8 Maces & Flails
 * Level 1.2 Bows
 + Level 7.4 Armour
 + Level 4.2 Dodging
 - Level 0.5 Stealth
   Level 7.9 Shields
 * Level 6.6 Invocations


You had 9 spell levels left.
You didn't know any spells.

Dungeon Overview and Level Annotations

Branches:
Dungeon (9/15)             Temple (0/1) D:7
   Lair: D:8-11         Orc: D:9-12

Altars:
Dithmenos
Fedhas
Hepliaklqana
Okawaru
Qazlal
Ru
Sif Muna
Uskayaw
Vehumet
Xom
Zin


Innate Abilities, Weirdness & Mutations

You are resistant to torment.
Your stone body is resilient. (AC +7)
You are immune to poison.
You resist negative energy. (rN+)
You are resistant to electric shocks. (rElec)
You can survive without breathing.
You are immune to petrification.
You are immune to rotting.
You possess an exceptional clarity of mind.
You are robust. (+10% HP)
You occasionally shout uncontrollably at your foes.
You are occasionally teleported next to monsters.


Message History

* * * LOW HITPOINT WARNING * * *
The troll completely misses you. The troll misses you.
The gargoyle hits you with a mace.
* * * LOW HITPOINT WARNING * * *
The hound skeleton completely misses you.
Okay, then.
You feel better.
The gargoyle hits you but does no damage.
The hound skeleton bites you but does no damage.
You feel like a meek peon again. The hound skeleton bites you.
The gargoyle hurls a stone arrow at you.
The stone arrow hits you!
* * * LOW HITPOINT WARNING * * *
The gargoyle hurls a stone arrow at you.
The stone arrow hits you!
* * * LOW HITPOINT WARNING * * *
The gargoyle hurls a stone arrow at you.
The stone arrow hits you!
You die...

######........
#.....[.......
#T..T.........
#Z#####....).. #9#
....... #.#
########### #.#
#....#... #.#
#....#... #@#
#....#..( #.#
###....#...
#.######......#...
#.......)######...
#.................
#.......(.))((....
#.###..####.......
#.# #..# #....(..
#.# #..# #.......


You could see a troll, a gargoyle and a hound skeleton.

Vanquished Creatures
  Erica (D:8)
  2 trolls (D:9)
  Grinder (D:6)
  A hippogriff (D:8)
  Eustachio (D:5)
  2 water moccasins (D:7)
  A sky beast (D:5)
  The ghost of mexichick the Cudgeler, an amateur OgHu (D:3)
  2 phantoms
  2 orc warriors
  A centaur (D:9)
  2 ogres
  7 bullfrogs
  3 scorpions
  10 killer bees
  2 howler monkeys (D:7)
  3 wights (D:8)
  3 crimson imps
  2 centaur zombies
  3 hounds
  2 bullfrog skeletons (D:8)
  3 orc priests
  2 iguanas
  8 worker ants
  7 orc wizards
  3 hound zombies
  A hound skeleton (D:5)
  13 adders
  7 gnolls
  3 shadow imps
  2 oozes
  3 adder skeletons
  6 worms
  A dart slug (D:2)
  A leopard gecko (D:6)
  43 orcs
  6 giant cockroaches
  4 goblins
  6 hobgoblins
  18 jackals
  8 quokkas
  A ball python (D:3)
  13 bats
  10 frilled lizards
  A giant cockroach zombie (D:5)
  8 kobolds
  4 rats
234 creatures vanquished.

Vanquished Creatures (others)
  A black bear (D:9)
  A howler monkey (D:6)
2 creatures vanquished.

Grand Total: 236 creatures vanquished

Notes
Turn   | Place    | Note
-------+----------+-------------------------------------------
     0 | D:1      | DarthKuruptios2 the Gargoyle Fighter began the quest for the Orb.
     0 | D:1      | Reached XP level 1. HP: 14/14 MP: 1/1
   162 | D:1      | Reached XP level 2. HP: 19/19 MP: 2/2
   648 | D:2      | Reached XP level 3. HP: 22/23 MP: 3/3
   705 | D:2      | Noticed an angel
   706 | D:2      | Found a shimmering altar of Xom.
   706 | D:2      | Found a glowing silver altar of Zin.
  1066 | D:2      | Reached XP level 4. HP: 28/28 MP: 4/4
  1220 | D:2      | Found a hazy altar of Hepliaklqana.
  1402 | D:2      | Reached skill level 1 in Dodging
  1701 | D:3      | Reached XP level 5. HP: 33/33 MP: 5/5
  1782 | D:3      | Noticed mexichick's ghost (amateur OgHu)
  1849 | D:3      | Killed mexichick's ghost
  1939 | D:3      | Reached XP level 6. HP: 35/38 MP: 6/6
  2475 | D:4      | Found an iron altar of Okawaru.
  2593 | D:4      | Became a worshipper of Warmaster Okawaru
  2747 | D:4      | Reached skill level 5 in Shields
  2757 | D:4      | Reached XP level 7. HP: 40/43 MP: 7/7
  2765 | D:4      | Reached skill level 5 in Maces & Flails
  3257 | D:5      | Entered Level 5 of the Dungeon
  3793 | D:5      | Found a blossoming altar of Fedhas.
  3840 | D:5      | Noticed Eustachio
  3856 | D:5      | Killed Eustachio
  3856 | D:5      | Reached * piety under Okawaru
  3882 | D:5      | Reached XP level 8. HP: 37/48 MP: 8/8
  3997 | D:5      | Reached skill level 5 in Armour
  4004 | D:5      | Gained mutation: You are occasionally teleported next to monsters. [mutagenic meat]
  4005 | D:5      | Gained mutation: You occasionally shout uncontrollably at your foes. [mutagenic meat]
  4006 | D:5      | Gained mutation: You are robust. (+10% HP) [mutagenic meat]
  4007 | D:5      | Gained mutation: You possess an exceptional clarity of mind. [mutagenic meat]
  4534 | D:5      | Found a deep blue altar of Sif Muna.
  4687 | D:6      | Found a stormy altar of Qazlal.
  4857 | D:6      | Noticed Grinder
  4881 | D:6      | Paralysed by Grinder for 7 turns
  4909 | D:5      | Reached skill level 5 in Fighting
  5102 | D:6      | Paralysed by Grinder for 7 turns
  5112 | D:6      | Killed Grinder
  5112 | D:6      | Reached ** piety under Okawaru
  5441 | D:6      | Reached XP level 9. HP: 59/59 MP: 10/10
  5755 | D:7      | Found a staircase to the Ecumenical Temple.
  6317 | D:7      | Found a radiant altar of Vehumet.
  6317 | D:7      | Found a hide-covered altar of Uskayaw.
  6613 | D:7      | Reached *** piety under Okawaru
  6896 | D:7      | Reached skill level 5 in Invocations
  7269 | D:8      | Reached XP level 10. HP: 65/66 MP: 13/13
  7493 | D:8      | Noticed Erica
  7504 | D:8      | Killed Erica
  7777 | D:8      | Found a sacrificial altar of Ru.
  8389 | D:9      | Reached **** piety under Okawaru
  8572 | D:8      | HP: 1/67 [hippogriff (5)]
  8786 | D:8      | Reached skill level 1 in Bows
  9020 | D:9      | Found a shadowy altar of Dithmenos.
  9371 | D:9      | Noticed a gargoyle
  9398 | D:9      | Killed from afar by a gargoyle

Skill      XL: |  1  2  3  4  5  6  7  8  9 10 |
---------------+-------------------------------+-----
Maces & Flails | 3 4 5 6 7 |  7.8
Shields        | 4 5 6 7 |  7.9
Dodging        | 1 2 3 4 |  4.2
Armour         | 4 5 6 7 |  7.4
Fighting       | 4 5 6 |  6.7
Invocations    | 2 5 6 |  6.6
Bows           | 1 |  1.2
Stealth        | |  0.5

Action                   |  1- 3 |  4- 6 |  7- 9 | 10-12 || total
-------------------------+-------+-------+-------+-------++-------
Melee: Flail             |   118 |   211 |   602 |   239 ||  1170
       Punch             |       |       |       |     1 ||     1
 Fire: Shortbow          |       |       |       |    18 ||    18
Invok: Heroism           |       |       |     5 |     2 ||     7
  Use: Scroll            |     5 |     3 |     6 |     3 ||    17
       Potion            |       |     6 |     3 |     3 ||    12
 Stab: Invisible         |       |     3 |       |       ||     3
  Eat: Chunk             |     1 |     6 |    18 |     5 ||    30
       Fruit             |       |       |     2 |     2 ||     4
Armor: Scale mail        |    68 |   103 |   159 |       ||   330
       Skin              |       |       |    31 |       ||    31
       Plate armour      |       |       |   268 |   254 ||   522
Dodge: Dodged            |    43 |    93 |   225 |   108 ||   469
Block: Shield            |    58 |    98 |   462 |   120 ||   738
